 Dungeon Crawl Stone Soup version 0.19.5 (webtiles) character file.

394 empire the Conjurer (level 6, -1/41 HPs)
             Began as a Mummy Conjurer on Mar 8, 2017.
             Slain by an orc priest
             ... wielding a +0 dagger
              (6 damage)
             ... on level 3 of the Dungeon.
             The game lasted 00:13:13 (5426 turns).

empire the Conjurer (Mummy Conjurer)                Turns: 5426, Time: 00:13:14

Health: -1/41      AC:  2    Str: 12    XL:     6   Next: 52%
Magic:  12/12      EV: 12    Int: 16    God:
Gold:   143        SH:  0    Dex: 12    Spells: 4 memorised, 0 levels left

rFire  x . .     SeeInvis .     b - +3 hunting sling (velocity)
rCold  + . .     Gourm    .     e - +0 robe
rNeg   + + +     Faith    .     (no shield)
rPois  ∞         Spirit   .     (no helmet)
rElec  .         Reflect  .     (no cloak)
rCorr  .         Harm     .     (no gloves)
MR     .....                    (no boots)
Stlth  ++........               (no amulet)
                                (no ring)
                                (no ring)

@: no status effects
A: no food or potions, fire vulnerability, cold resistance 1, negative energy
resistance 3, torment resistance, unbreathing
a: no special abilities


You were on level 3 of the Dungeon.
You were not hungry.

You visited 1 branch of the dungeon, and saw 4 of its levels.

You collected 143 gold pieces.

Inventory:

Hand Weapons
 a - a +3 dagger of venom
 b - a +3 hunting sling of velocity (weapon)
 f - a +1 dagger of speed
 g - a +1 short sword of venom
 k - a +1 dagger of electrocution
 n - a +4 hunting sling
Missiles
 i - 2 exploding tomahawks
 l - 92 stones (quivered)
 m - 19 sling bullets
Armour
 e - a +0 robe (worn)
Jewellery
 o - an uncursed ring of resist corrosion {unknown}
Scrolls
 c - a scroll of fear
 d - 2 scrolls of noise
 h - a scroll of recharging
Books
 j - a book of Conjurations

   Spells                             Type                      Level
   a - Magic Dart                     Conjuration                  1
   b - Searing Ray                    Conjuration                  2
   c - Dazzling Spray                 Conjuration/Hexes            3
   d - Fulminant Prism                Conjuration/Hexes            4
   e - Iskenderun's Mystic Blast      Conjuration                  4
   f - Iskenderun's Battlesphere      Conjuration/Charms           5


   Skills:
 - Level 1.5 Dodging
 - Level 1.5 Stealth
 - Level 4.2 Spellcasting
 + Level 5.5 Conjurations


You couldn't memorise any spells.
You knew the following spells:

 Your Spells              Type           Power        Failure   Level  Hunger
a - Magic Dart            Conj           ###.         1%          1    N/A
b - Dazzling Spray        Conj/Hex       ##....       17%         3    N/A
c - Iskenderun's Mystic   Conj           ###.....     17%         4    N/A
d - Iskenderun's Battles  Conj/Chrm      ##......     98%         5    N/A

Dungeon Overview and Level Annotations

Branches:
Dungeon (4/15)
 Temple: D:4-7

Altars:
Ru


Innate Abilities, Weirdness & Mutations

You do not eat or drink.
Your flesh is vulnerable to fire.
You are immune to poison.
Your flesh is cold resistant. (rC+)
You are immune to negative energy. (rN+++)
You are immune to unholy pain and torment.
You can survive without breathing.


Message History

The stone hits the orc!
You kill the orc!
The orc wizard casts a spell at you. The puff of flame hits you!
The fire burns you terribly! The orc wizard hits you with a dagger.
The orc closely misses you.
The orc priest calls down the wrath of Beogh upon you.
Beogh smites you!
* * * LOW HITPOINT WARNING * * *
The orc wizard barely misses you. The giant cockroach bites you.
* * * LOW HITPOINT WARNING * * *
You climb upwards.
There is a stone staircase leading down here.
The orc priest hits you with a dagger.
* * * LOW HITPOINT WARNING * * *
The orc wizard mumbles some strange words.
The orc wizard flickers and vanishes!
Deactivating autopickup; reactivate with Ctrl-A.
The orc priest hits you with a dagger.
You die...

#.!..# #.......
#....### #....... ###
#....+.# #.......
#.###....#.#####.......
#......................
#.###..{.#.###########.
#.# #.>..'.............
#.# #.oo.#########.#..#
#.# #.@..# #.#..# #.#
#....# #.#..#
#.####.### #.#..#
#......###########.#..#
######.....())...).....
##########....#.##
#....#... #....'...
####....#...


You could see an orc priest and an orc.

Vanquished Creatures
  A bullfrog (D:2)
  A crimson imp (D:3)
  3 orc wizards (D:3)
  Jessica (D:2)
  4 adders
  A gnoll (D:3)
  3 worms
  3 dart slugs (D:2)
  15 orcs
  3 giant cockroaches
  10 goblins
  15 hobgoblins
  13 jackals
  6 kobolds
  2 quokkas
  5 ball pythons
  10 bats
  6 frilled lizards
  A leopard gecko skeleton (D:4)
  9 rats
112 creatures vanquished.

Notes
Turn   | Place    | Note
-------+----------+-------------------------------------------
     0 | D:1      | empire the Mummy Conjurer began the quest for the Orb.
     0 | D:1      | Reached XP level 1. HP: 13/13 MP: 3/3
   490 | D:1      | Reached XP level 2. HP: 12/19 MP: 0/5
  1267 | D:2      | Reached XP level 3. HP: 11/24 MP: 2/7
  2588 | D:2      | Noticed Jessica
  2598 | D:2      | Killed Jessica
  2598 | D:2      | Reached XP level 4. HP: 28/30 MP: 1/10
  2642 | D:2      | Noticed a bullfrog
  2845 | D:1      | Learned a level 3 spell: Dazzling Spray
  2850 | D:1      | Learned a level 4 spell: Iskenderun's Mystic Blast
  2857 | D:2      | Killed a bullfrog
  2857 | D:2      | Reached skill level 4 in Conjurations
  2857 | D:2      | Reached XP level 5. HP: 26/35 MP: 4/11
  4054 | D:3      | Reached XP level 6. HP: 40/41 MP: 10/12
  4175 | D:3      | Reached skill level 5 in Conjurations
  4705 | D:3      | Found a faded altar of an unknown god.
  4705 | D:3      | Found a faded altar of an unknown god.
  4711 | D:3      | Found a faded altar of an unknown god.
  4713 | D:3      | Found a faded altar of an unknown god.
  4715 | D:3      | Found a sacrificial altar of Ru.
  5331 | D:3      | Learned a level 5 spell: Iskenderun's Battlesphere
  5426 | D:3      | Slain by an orc priest

Skill      XL: |  1  2  3  4  5  6 |
---------------+-------------------+-----
Spellcasting   | 3 4 |  4.2
Conjurations   | 4 5 |  5.5
Dodging        | |  1.5
Stealth        | |  1.5

Action                   |  1- 3 |  4- 6 || total
-------------------------+-------+-------++-------
Melee: Short sword       |    79 |     9 ||    88
       Unarmed           |     2 |       ||     2
       Dagger            |       |    92 ||    92
 Fire: Hunting sling     |       |    31 ||    31
 Cast: Magic Dart        |    89 |    70 ||   159
  Use: Scroll            |       |    10 ||    10
 Stab: Sleeping          |       |     1 ||     1
Armor: Robe              |    10 |    11 ||    21
Dodge: Dodged            |    91 |    74 ||   165
